 Dungeon Crawl Stone Soup version 0.23.2 (webtiles) character file.

Game seed: 15420767872011639508

23965 Kairos the Covert (level 13, -8/105 HPs)
             Began as a Formicid Abyssal Knight on Apr 9, 2019.
             Was the Champion of Lugonu.
             Mangled by a komodo dragon (42 damage)
             ... on level 2 of the Lair of Beasts.
             The game lasted 00:28:33 (11985 turns).

Kairos the Covert (Formicid Abyssal Knight)        Turns: 11985, Time: 00:28:34

Health: -8/105     AC: 10    Str: 19    XL:     13   Next: 39%
Magic:  18/18      EV: 15    Int: 19    God:    Lugonu [******]
Gold:   762        SH:  0    Dex: 12    Spells: 9/12 levels left

rFire    + + .     SeeInvis +   e - +10 dagger "Zuabos" {venom, *Drain Int+6}
rCold    . . .     Gourm    .   s - +2 shield
rNeg     . . .     Faith    .   S - +3 leather armour {rF+}
rPois    +         Spirit   .   (helmet unavailable)
rElec    +         Reflect  .   y - +0 cloak
rCorr    .         Harm     .   F - +0 pair of gloves
MR       +....                  (no boots)
Stlth    +++++.....             J - amulet of regeneration
HPRegen  0.67/turn              W - ring of poison resistance
MPRegen  0.16/turn              D - ring of protection from fire

@: sleeping
A: permanent stasis, dig shafts and tunnels, four strong arms, antennae 3,
rugged brown scales 1, electricity resistance, evolution 1
a: Dig, Shaft Self, Depart the Abyss, Bend Space, Banish, Corrupt, Enter the
Abyss, Brand Weapon With Distortion, Renounce Religion


You were on level 2 of the Lair of Beasts.
You worshipped Lugonu.
Lugonu was exalted by your worship.
You were not hungry.

You visited 2 branches of the dungeon, and saw 12 of its levels.
You visited the Abyss 1 time.
You also visited: Sewer and Volcano.

You collected 951 gold pieces.
You spent 189 gold pieces at shops.

Inventory:

Hand Weapons
 a - a +1 spear
 e - the +10 dagger "Zuabos" (weapon) {venom, *Drain Int+6}
   (You found it on level 2 of the Abyss)

   It poisons the flesh of those it strikes.
   It affects your intelligence (+6).
   It causes draining when unequipped.
 I - a +2 quarterstaff of chaos
 Q - a +0 demon trident of flaming
 T - a +0 great sword of flaming
Missiles
 E - 5 javelins of returning (quivered)
Armour
 l - the +3 leather armour of the Evening Star {rPois rF- Int+2}
   (You bought it in a shop on level 10 of the Dungeon)

   It affects your intelligence (+2).
   It makes you vulnerable to fire.
   It protects you from poison.
 n - a +3 leather armour of magic resistance
 s - a +2 shield (worn)
 y - a +0 cloak (worn)
 F - a +0 pair of gloves (worn)
 R - a +2 chain mail of fire resistance
 S - a +3 leather armour of fire resistance (worn)
Jewellery
 A - an uncursed ring of protection from magic
 D - a ring of protection from fire (right hand)
 J - an amulet of regeneration (around neck)
 P - an uncursed ring of protection from magic
 U - an uncursed ring of stealth
 W - a ring of poison resistance (left hand)
Wands
 o - a wand of scattershot (6)
 u - a wand of clouds (3)
 v - a wand of acid (23)
 H - a wand of flame (40)
 K - a wand of iceblast (17)
 M - a wand of polymorph (14)
Scrolls
 b - 3 scrolls of immolation {unknown}
 d - 10 scrolls of teleportation
 f - a scroll of holy word {unknown}
 h - 4 scrolls of blinking
 p - 8 scrolls of remove curse
 r - 3 scrolls of identify
 t - 2 scrolls of amnesia {unknown}
 x - 3 scrolls of magic mapping
 z - 3 scrolls of enchant armour {unknown}
 B - a scroll of fear {unknown}
 G - a scroll of random uselessness {unknown}
 L - 3 scrolls of enchant weapon {unknown}
 V - 2 scrolls of fog {unknown}
Potions
 g - 4 potions of heal wounds
 i - 2 potions of lignification
 j - 5 potions of curing
 k - a potion of brilliance
 m - a potion of flight
 q - a potion of ambrosia
 w - 2 potions of might
 C - a potion of cancellation
 O - 2 potions of berserk rage {unknown}
Miscellaneous
 N - a lightning rod (4/4)
Comestibles
 c - 18 rations


   Skills:
 + Level 9.6 Fighting
 - Level 10.0 Short Blades
 - Level 2.0 Polearms
 + Level 5.5 Armour
 + Level 7.6 Dodging
 * Level 13.9 Stealth
 - Level 9.0 Shields
 * Level 7.7 Invocations
 + Level 1.1 Evocations


You had 9 spell levels left.
You knew the following spells:

 Your Spells              Type           Power        Failure   Level  Hunger
a - Confuse               Hex            #.......     56%         3    ####...

Your spell library contained the following spells:

 Spells                   Type           Power        Failure   Level  Hunger
 Confusing Touch          Hex            #.....       24%         1    ##.....
 Gell's Gravitas          Tloc           #.........   56%         3    ####...
 Recall                   Summ/Tloc      N/A          56%         3    ####...
 Animate Dead             Necr           N/A          93%         4    #####..
 Petrify                  Tmut/Erth      #.......     93%         4    #####..
 Borgnjor's Vile Clutch   Necr/Erth      #.........   100%        5    ######.
 Metabolic Englaciation   Hex/Ice        #.........   100%        5    ######.
 Yara's Violent Unravell  Hex/Tmut       #.........   100%        5    ######.
 Death Channel            Necr           #.........   100%        6    #######
 Simulacrum               Ice/Necr       #.........   100%        6    #######


Dungeon Overview and Level Annotations

Branches:
Dungeon (10/15)            Temple (0/1) D:6            Lair (2/6) D:9
  Snake (0/4) Lair:2          Orc (0/2) D:10
  Swamp: Lair:2-4    Shoals: Lair:2-4

Altars:
Cheibriados
Dithmenos
Elyvilon
Gozag
Makhleb
Nemelex Xobeh
Okawaru
Ru
Sif Muna
Trog
Uskayaw
Xom
The Shining One

Shops:
D:10 [**(

Annotations:
Lair:1 3 runed translucent doors, Beischinu's ghost, journeyman MiFi; Ruij's ghost, novice MiMo; ThisFiasco's ghost, journeyman DsMo


Innate Abilities, Weirdness & Mutations

You cannot be hasted, slowed, berserked, paralysed or teleported.
You can dig through walls and to a lower floor.
Your four strong arms can wield two-handed weapons with a shield.
You have a pair of large antennae on your head. (SInv)
You are partially covered in rugged brown scales. (AC +1, +3% HP)
You are resistant to electric shocks. (rElec)
You evolve.


Message History

You are too injured to fight recklessly!
You are too injured to fight recklessly!
You are too injured to fight recklessly!
You are too injured to fight recklessly!
You are too injured to fight recklessly!
You are too injured to fight recklessly!
You are too injured to fight recklessly!
You feel much better. You block the dream sheep's attack.
The komodo dragon bites you!
* * * LOW HITPOINT WARNING * * *
A porcupine comes into view.
The dream sheep bites you.
* * * LOW HITPOINT WARNING * * *
The dream sheep ruffle their wool and motes of dream dust sparkle, to no effect.
The dream sheep ruffle their wool and motes of dream dust sparkle, to no effect.
The dream sheep shake their wool and sparkle.
You feel drowsy...
You fall asleep.
The komodo dragon barely misses you. The komodo dragon bites you!!!
You die...

....
#.....####..#..P###....
#... #....##
#........##.P.. #....#
##..>.....####.. #...)#
#...........# ##
#.##)###...........###.
###)).##...........##P.
#.....#...........###.
##.....##...........##.
#..###@.#..........###.
#.....l.#..........# #.
{
#...>.YY#..........###.
#.......#.........###..
#..###Y.##...P...##.#..
{
##.....####..#...###...
#..{..# #..####......
##.Y.## #...##..#....#
##r## ........†....##


You could see a komodo dragon and 3 dream sheep.

Vanquished Creatures
  A hydra (Lair:2)
  2 centaur warriors
  A two-headed ogre (D:8)
  Nergalle (Lair:1)
  A hell knight (Volcano)
  An unseen horror (D:10)
  2 ugly things
  An elephant (D:9)
  Maurice (D:10)
  A black mamba (Lair:2)
  2 molten gargoyles (Volcano)
  A rime drake (Lair:2)
  A yaktaur (Volcano)
  3 trolls
  A polar bear (Lair:2)
  A tengu conjurer (D:8)
  Grinder (D:4)
  Prince Ribbit (D:5)
  5 hippogriffs
  4 blink frogs (Lair:2)
  5 dream sheep (Lair:2)
  A spriggan (D:7)
  Sigmund (D:2)
  A wraith (D:10)
  Eustachio (D:5)
  A hungry ghost (D:7)
  16 yaks
  3 basilisks
  Menkaure (D:5)
  4 water moccasins
  6 nagas (Lair:2)
  2 porcupines (Lair:1)
  Duvessa (D:5)
  An orc warrior (D:7)
  2 ice beasts
  3 sky beasts
  7 phantoms
  A black bear (D:8)
  2 necrophages
  8 centaurs
  32 wolves (Lair:1)
  2 crocodiles
  2 big kobolds
  11 bullfrogs
  Dowan (D:5)
  4 scorpions
  A wyvern skeleton (D:7)
  A killer bee (D:7)
  12 wights
  2 howler monkeys
  A jelly (D:6)
  3 crimson imps
  A quasit (D:10)
  A bullfrog skeleton (D:9)
  A bullfrog zombie (D:7)
  4 orc priests
  4 hounds
  Crazy Yiuf (D:7)
  A centaur skeleton (D:5)
  Jessica (D:2)
  9 orc wizards
  An iguana (D:7)
  9 worker ants
  2 killer bee zombies
  2 hound zombies
  2 worker ant zombies (D:8)
  5 gnolls
  7 adders
  2 shadow imps
  14 oozes
  2 adder skeletons
  4 worms
  3 dart slugs
  16 leopard geckos
  25 orcs
  10 ball pythons (Sewer)
  11 giant cockroaches
  11 hobgoblins
  4 jackals (D:9)
  17 kobolds
  3 quokkas
  10 bats
  12 frilled lizards
  21 goblins
  8 rats
395 creatures vanquished.

Vanquished Creatures (others)
  A bullfrog (D:8)
  A hound (D:8)
  An iguana (D:8)
  A worker ant (D:8)
  A leopard gecko (D:8)
  2 orcs (D:8)
  A giant cockroach (D:8)
  7 fungi
15 creatures vanquished.

Grand Total: 410 creatures vanquished

Notes
Turn   | Place    | Note
-------+----------+-------------------------------------------
     0 | Abyss:1  | Kairos the Formicid Abyssal Knight began the quest for the
                  | Orb.
     0 | Abyss:1  | Reached XP level 1. HP: 18/18 MP: 2/2
    43 | Abyss:2  | Got a brightly glowing dagger
    53 | Abyss:2  | Noticed a tentacled starspawn
    54 | Abyss:2  | Noticed a smoke demon
    55 | Abyss:2  | Found a transporter.
    55 | Abyss:2  | Noticed a wretched star
    55 | Abyss:2  | Noticed a large abomination
    55 | Abyss:2  | Noticed a tentacled monstrosity
    55 | Abyss:2  | Noticed a raiju
    55 | Abyss:2  | Noticed an ancient zyme
    56 | Abyss:2  | Noticed a starcursed mass
    62 | Abyss:3  | Identified the +10 dagger "Zuabos" {venom, *Drain Int+6}
                  | (You found it on level 2 of the Abyss)
   115 | Abyss:3  | Noticed a thrashing horror
   115 | Abyss:3  | Noticed a ynoxinul
   116 | Abyss:3  | Noticed a ynoxinul
   116 | Abyss:3  | Noticed a large abomination
   117 | D:1      | Escaped the Abyss
   149 | D:1      | Reached skill level 1 in Dodging
   171 | D:1      | Reached XP level 2. HP: 18/24 MP: 3/3
   198 | D:1      | Reached skill level 1 in Stealth
   347 | D:1      | Reached XP level 3. HP: 18/29 MP: 4/4
   430 | D:1      | Reached skill level 1 in Short Blades
   459 | D:1      | Reached * piety under Lugonu
   704 | D:2      | Reached XP level 4. HP: 33/37 MP: 5/5
   843 | D:2      | Noticed Jessica
   845 | D:2      | Killed Jessica
   845 | D:2      | Reached skill level 2 in Stealth
  1011 | D:2      | Noticed Sigmund
  1023 | D:2      | Killed Sigmund
  1023 | D:2      | Reached XP level 5. HP: 37/43 MP: 5/7
  1023 | D:2      | Reached XP level 6. HP: 42/49 MP: 5/8
  1205 | D:3      | Reached skill level 3 in Stealth
  1209 | D:3      | Found a hide-covered altar of Uskayaw.
  1266 | D:3      | Reached ** piety under Lugonu
  1599 | D:3      | Found an iron altar of Okawaru.
  1601 | D:3      | Found a white marble altar of Elyvilon.
  1777 | D:3      | Found a glowing drain.
  1785 | Sewer    | Entered a sewer
  1833 | Sewer    | Reached XP level 7. HP: 55/55 MP: 9/9
  1894 | Sewer    | Reached *** piety under Lugonu
  2003 | Sewer    | Reached skill level 4 in Stealth
  2343 | D:3      | Reached skill level 5 in Fighting
  2401 | D:3      | Found a sacrificial altar of Ru.
  2704 | D:4      | Found a bloodstained altar of Trog.
  2816 | D:4      | Reached **** piety under Lugonu
  2835 | D:4      | Reached XP level 8. HP: 56/62 MP: 10/10
  2879 | D:4      | Noticed Grinder
  2892 | D:4      | Killed Grinder
  2892 | D:4      | Reached skill level 5 in Short Blades
  2892 | D:4      | Reached skill level 5 in Stealth
  3034 | D:4      | Reached skill level 1 in Shields
  3347 | D:4      | Found a sparkling altar of Nemelex Xobeh.
  3789 | D:5      | Entered Level 5 of the Dungeon
  3796 | D:5      | Noticed Eustachio
  3813 | D:5      | Killed Eustachio
  3854 | D:5      | Reached XP level 9. HP: 54/69 MP: 11/11
  3878 | D:5      | Noticed Prince Ribbit
  3888 | D:5      | Killed Prince Ribbit
  3985 | D:5      | Noticed Menkaure
  3993 | D:5      | Killed Menkaure
  3993 | D:5      | Reached skill level 6 in Stealth
  4508 | D:5      | Noticed Duvessa
  4512 | D:5      | Noticed Dowan
  4524 | D:5      | Killed Duvessa
  4529 | D:5      | Killed Dowan
  4551 | D:5      | Found a snail-covered altar of Cheibriados.
  4602 | D:5      | Found a deep blue altar of Sif Muna.
  4696 | D:5      | Found a burning altar of Makhleb.
  4938 | D:6      | Found a staircase to the Ecumenical Temple.
  4939 | D:6      | Got a brightly glowing robe
  4980 | D:6      | Identified the cursed +1 robe "Megitagg" {rF+ Str+4} (You
                  | found it on level 6 of the Dungeon)
  5076 | D:6      | Reached skill level 7 in Stealth
  5769 | D:7      | Reached XP level 10. HP: 74/77 MP: 12/12
  5859 | D:7      | Reached ***** piety under Lugonu
  5931 | D:7      | Learned a level 3 spell: Confuse
  6124 | D:7      | Reached skill level 8 in Stealth
  6215 | D:7      | Found a runed translucent door.
  6216 | D:7      | Noticed Crazy Yiuf
  6535 | D:7      | Killed Crazy Yiuf
  6882 | D:8      | Noticed a two-headed ogre
  6914 | D:8      | Killed a two-headed ogre
  6914 | D:8      | Reached skill level 9 in Stealth
  6914 | D:8      | Reached skill level 5 in Shields
  7570 | D:8      | Found a shimmering altar of Xom.
  7592 | D:8      | Reached skill level 10 in Stealth
  7732 | D:8      | Reached XP level 11. HP: 63/84 MP: 13/13
  7741 | D:8      | Found an opulent altar of Gozag.
  7741 | D:8      | Found a glowing golden altar of the Shining One.
  7813 | D:8      | Noticed a green ugly thing
  7852 | D:8      | Killed a green ugly thing
  7900 | D:8      | Reached skill level 10 in Short Blades
  8401 | D:9      | Noticed a purple ugly thing
  8426 | D:9      | Killed a purple ugly thing
  8426 | D:9      | Reached skill level 11 in Stealth
  8711 | D:9      | Reached skill level 1 in Evocations
  8781 | D:9      | Found a staircase to the Lair.
  8781 | D:9      | Noticed an elephant
  8806 | D:9      | Reached skill level 5 in Dodging
  8823 | D:9      | Killed an elephant
  9178 | D:9      | Gained mutation: You are partially covered in icy blue
                  | scales. (AC +2) [potion of mutation]
  9178 | D:9      | Gained mutation: You are partially covered in rugged brown
                  | scales. (AC +1, +3% HP) [potion of mutation]
  9178 | D:9      | Gained mutation: You evolve. [potion of mutation]
  9178 | D:9      | Gained mutation: You are resistant to electric shocks.
                  | (rElec) [potion of mutation]
  9208 | D:10     | Entered Level 10 of the Dungeon
  9208 | D:10     | Found Roheneps's General Store.
  9208 | D:10     | Noticed an unseen horror
  9210 | D:10     | Killed an unseen horror
  9223 | D:10     | Found Ahudeach's Antique Armour Shop.
  9229 | D:10     | Reached ****** piety under Lugonu
  9233 | D:10     | Noticed a centaur warrior
  9257 | D:10     | Killed a centaur warrior
  9271 | D:10     | Reached XP level 12. HP: 82/96 MP: 15/15
  9286 | D:10     | Bought a fine leather armour for 189 gold pieces
  9296 | D:10     | Identified the +3 leather armour of the Evening Star {rPois
                  | rF- Int+2} (You bought it in a shop on level 10 of the
                  | Dungeon)
  9316 | D:10     | Found a staircase to the Orcish Mines.
  9354 | D:10     | Noticed Maurice
  9370 | D:10     | Killed Maurice
  9370 | D:10     | Reached skill level 5 in Armour
  9559 | D:10     | Reached skill level 5 in Invocations
  9637 | D:10     | Found a sparkling altar of Nemelex Xobeh.
  9702 | D:10     | Found Odit's Distillery.
  9774 | D:10     | Found Ycugeos's Assorted Antiques.
  9802 | D:10     | Found Puviff's Antique Weapon Shop.
  9933 | Lair:1   | Entered Level 1 of the Lair of Beasts
  9952 | Lair:1   | Reached skill level 12 in Stealth
 10078 | Lair:1   | Noticed Nergalle
 10207 | Lair:1   | Killed Nergalle
 10341 | Lair:1   | Found a dark tunnel.
 10383 | Volcano  | Entered a volcano
 10576 | Volcano  | Found a radiant altar of Vehumet.
 10576 | Volcano  | Noticed a centaur warrior
 10581 | Volcano  | Killed a centaur warrior
 10637 | Volcano  | Reached XP level 13. HP: 19/104 MP: 16/18
 10927 | Volcano  | Reached skill level 13 in Stealth
 11103 | Lair:1   | Found a runed translucent gate.
 11103 | Lair:1   | Noticed ThisFiasco's ghost (journeyman DsMo)
 11104 | Lair:1   | Found a runed translucent gate.
 11104 | Lair:1   | Noticed Ruij's ghost (novice MiMo)
 11105 | Lair:1   | Found a runed translucent gate.
 11105 | Lair:1   | Noticed Beischinu's ghost (journeyman MiFi)
 11172 | Lair:1   | Found a shadowy altar of Dithmenos.
 11583 | Lair:2   | Noticed a six-headed hydra
 11590 | Lair:2   | Killed a six-headed hydra
 11736 | Lair:2   | Lost mutation: You are partially covered in icy blue
                  | scales. (AC +2) [evolution]
 11941 | Lair:2   | Found a staircase to the Snake Pit.
 11985 | Lair:2   | Mangled by a komodo dragon

Skill      XL: |  1  2  3  4  5  6  7  8  9 10 11 12 13 |
---------------+----------------------------------------+-----
Dodging        | 1 2 3 4 5 6 7 |  7.6
Stealth        | 1 2 3 4 5 7 10 11 12 13 | 13.9
Short Blades   | 1 3 4 6 8 9 10 | 10.0
Fighting       | 4 5 6 7 8 9 |  9.6
Armour         | 3 4 5 |  5.5
Shields        | 1 3 5 7 9 |  9.0
Invocations    | 4 6 7 |  7.7
Evocations     | 1 |  1.1
Polearms       | |  2.0

Action                   |  1- 3 |  4- 6 |  7- 9 | 10-12 | 13-15 || total
-------------------------+-------+-------+-------+-------+-------++-------
Melee: Dagger            |    55 |    79 |   319 |   874 |   145 ||  1472
Invok: Depart the Abyss  |     1 |       |       |       |       ||     1
 Abil: Dig               |       |    16 |       |    13 |       ||    29
Evoke: Wand              |       |       |       |     2 |       ||     2
  Use: Scroll            |       |     4 |     8 |     3 |       ||    15
       Potion            |       |       |       |     5 |     1 ||     6
 Stab: Sleeping          |       |     3 |     7 |    21 |     9 ||    40
       Distracted        |       |       |       |     2 |       ||     2
  Eat: Chunk             |       |     1 |     4 |     8 |       ||    13
       Ration            |       |     1 |     3 |     5 |       ||     9
Armor: Leather armour    |    14 |     9 |    65 |    94 |     9 ||   191
       Skin              |       |       |       |    19 |       ||    19
Dodge: Dodged            |    30 |    31 |   114 |   168 |    34 ||   377
Block: Shield            |       |       |    79 |   282 |    45 ||   406
